 Dungeon Sprint DCSS version 0.30-a0-859-gf88a04b62d (webtiles) character file.

Game seed: 410314422580435623

9 PLAYERX the Insei (level 2, 0/29 HPs)
             Began as a Gnoll Monk on Mar 6, 2023.
             Slain by a quokka skeleton (2 damage)
             ... in the Dungeon (Sprint VII: "The Pits").
             The game lasted 00:03:21 (118 turns).

PLAYERX the Insei (Gnoll Monk)                       Turns: 118, Time: 00:03:22

Health: 0/29       AC:  2    Str: 10    XL:     2   Next: 16%
Magic:  3/3        EV: 15    Int:  9    God:
Gold:   0          SH:  0    Dex: 14    Spells: 3/3 levels left

rFire   . . .      SeeInvis .    a - +2 trident
rCold   . . .      Faith    .    (no shield)
rNeg    . . .      Spirit   .    i - +0 robe
rPois   .          Reflect  .    (no helmet)
rElec   .          Rampage  .    (no cloak)
rCorr   .          NoTele   +    (no gloves)
Will    .....                    (no boots)
Stlth   +++                      (no amulet)
HPRegen 0.24/turn                (no ring)
MPRegen 0.08/turn                (no ring)

@: lethally poisoned (0 -> -7), invisible
A: fangs 1, strong nose, distributed training
a: no special abilities


You were in the Dungeon.
You visited 1 branch

Inventory:

Hand Weapons
 a - a +2 trident (weapon)
Armour
 i - a +0 robe (worn)
Scrolls
 h - a scroll of blinking
 k - 5 scrolls of amnesia
 l - a scroll of butterflies
Potions
 b - a potion of ambrosia
 e - a potion of haste
 f - 4 potions of magic
 g - 3 potions of berserk rage
 j - a potion of invisibility


   Skills:
 + Level 6.6 Fighting
 + Level 1.2 Short Blades
 + Level 1.2 Long Blades
 + Level 1.2 Axes
 + Level 1.2 Maces & Flails
 + Level 1.2 Polearms
 + Level 1.2 Staves
 + Level 1.2 Ranged Weapons
 + Level 1.2 Throwing
 + Level 1.2 Armour
 + Level 6.6 Dodging
 + Level 4.3 Stealth
 + Level 1.2 Shields
 + Level 6.6 Unarmed Combat
 + Level 1.2 Spellcasting
 + Level 1.0 Conjurations
 + Level 1.0 Hexes
 + Level 1.0 Summonings
 + Level 1.0 Necromancy
 + Level 1.0 Translocations
 + Level 1.0 Transmutations
 + Level 1.0 Fire Magic
 + Level 1.0 Ice Magic
 + Level 1.0 Air Magic
 + Level 1.0 Earth Magic
 + Level 1.0 Poison Magic
 + Level 1.3 Invocations
 + Level 1.2 Evocations


You had 3 spell levels left.
You didn't know any spells.
Your spell library was empty.

Dungeon Overview and Level Annotations

Branches:
Dungeon (1/1)

Altars:


Innate Abilities, Weirdness & Mutations

You have very sharp teeth.
Your uncanny sense of smell can sniff out nearby items.
Your experience applies equally to all skills.


Message History

The river rat is moderately wounded.
The kobold shouts!
The river rat barely misses you. The water moccasin bites you.
The quokka skeleton barely misses you. The kobold hits you with a +0 dagger.
The river rat closely misses you.
You closely miss the river rat. Your bite misses the river rat.
The river rat is moderately wounded.
The water moccasin bites you!
You are poisoned.
The water moccasin poisons you! The kobold hits you with a +0 dagger.
The river rat closely misses you. The quokka skeleton barely misses you.
The water moccasin misses you.
You feel better. The water moccasin misses you.
The kobold hits you but does no damage. The river rat bites you!
The quokka skeleton bites you.
You barely miss the water moccasin.
The water moccasin bites you but does no damage.
The quokka skeleton misses you. The kobold hits you with a +0 dagger.
The river rat misses you. The water moccasin bites you!
* * * LOW HITPOINT WARNING * * *
You are lethally poisoned!
The water moccasin poisons you!
You feel much better.
You feel very sick. The water moccasin bites you!
The quokka skeleton closely misses you. The kobold misses you.
The river rat misses you. The water moccasin closely misses you.
You hit the water moccasin but do no damage.
You feel very sick. The quokka skeleton barely misses you.
The kobold barely misses you. The river rat closely misses you.
The water moccasin bites you.
* * * LOW HITPOINT WARNING * * *
The river rat closely misses you. The kobold closely misses you.
The quokka skeleton barely misses you.
You fade into invisibility!
* * * LOW HITPOINT WARNING * * *
You feel sick. The water moccasin bites you.
* * * LOW HITPOINT WARNING * * *
The water moccasin closely misses you. The quokka skeleton bites you.
You die...

#########
##########+##........
#.?(.')))'.##......#.
##########.##........
#.........).'........
#+#####'#####......#.
#..#...'.##........
#Kr#...#.#####'####
#.@#####.##.......#
#ZS'...#.##.......#
#..'...'.##.......#
#..########...<...#
#..+∆∆∆∆∆ #.......#
#..#∆∆∆∆∆ #.......#
#### #.......#
#########


You could see a water moccasin (unable to see you), a river rat (unable to see
you), a kobold (unable to see you) and a quokka skeleton (unable to see you).

Vanquished Creatures
  An adder zombie (D)
  A bat (D)
  An endoplasm (D)
  A goblin (D)
  A quokka (D)
5 creatures vanquished.

Notes
Turn   | Place    | Note
-------+----------+-------------------------------------------
     0 | D        | PLAYERX the Gnoll Monk began the quest for the Orb.
     0 | D        | Reached XP level 1. HP: 23/23 MP: 1/1
    67 | D        | Reached skill level 1 in Short Blades
    67 | D        | Reached skill level 1 in Long Blades
    67 | D        | Reached skill level 1 in Axes
    67 | D        | Reached skill level 1 in Maces & Flails
    67 | D        | Reached skill level 1 in Polearms
    67 | D        | Reached skill level 1 in Staves
    67 | D        | Reached skill level 1 in Ranged Weapons
    67 | D        | Reached skill level 1 in Throwing
    67 | D        | Reached skill level 1 in Armour
    67 | D        | Reached skill level 1 in Shields
    67 | D        | Reached skill level 1 in Spellcasting
    67 | D        | Reached skill level 1 in Invocations
    67 | D        | Reached skill level 1 in Evocations
    71 | D        | Reached XP level 2. HP: 26/29 MP: 1/3
   106 | D        | Reached skill level 1 in Conjurations
   106 | D        | Reached skill level 1 in Hexes
   106 | D        | Reached skill level 1 in Summonings
   106 | D        | Reached skill level 1 in Necromancy
   106 | D        | Reached skill level 1 in Translocations
   106 | D        | Reached skill level 1 in Transmutations
   106 | D        | Reached skill level 1 in Fire Magic
   106 | D        | Reached skill level 1 in Ice Magic
   106 | D        | Reached skill level 1 in Air Magic
   106 | D        | Reached skill level 1 in Earth Magic
   106 | D        | Reached skill level 1 in Poison Magic
   109 | D        | Noticed a water moccasin
   118 | D        | Slain by a quokka skeleton

Illustrated notes

Levels and vault maps discovered:
D:        pitsprint [storerooms_1, entrance_room_1, metal_vault_2, armoury_1,
          mini_pit_1, grid_room_1, main_hall_1, silver_pit, the_coven_3,
          the_vestibule_1, steel_vault_4, golden_pit, hallway_of_sentries,
          crystal_vault_3, iron_vault_1, final_vault]

Skill      XL: |  1  2 |
---------------+-------+-----
Short Blades   | 1 |  1.2
Long Blades    | 1 |  1.2
Axes           | 1 |  1.2
Maces & Flails | 1 |  1.2
Polearms       | 1 |  1.2
Staves         | 1 |  1.2
Ranged Weapons | 1 |  1.2
Throwing       | 1 |  1.2
Armour         | 1 |  1.2
Shields        | 1 |  1.2
Spellcasting   | 1 |  1.2
Invocations    | 1 |  1.3
Evocations     | 1 |  1.2
Conjurations   | 1 |  1.0
Hexes          | 1 |  1.0
Summonings     | 1 |  1.0
Necromancy     | 1 |  1.0
Translocations | 1 |  1.0
Transmutations | 1 |  1.0
Fire Magic     | 1 |  1.0
Ice Magic      | 1 |  1.0
Air Magic      | 1 |  1.0
Earth Magic    | 1 |  1.0
Poison Magic   | 1 |  1.0
Fighting       | |  6.6
Dodging        | |  6.6
Stealth        | |  4.3
Unarmed Combat | |  6.6

Action                     || total
---------------------------++-------
  Melee: Trident           ||    20
         Bite              ||     2
         Unarmed           ||     1
    Use: Potion            ||     3
   Stab: Sleeping          ||     4
 Armour: Robe              ||     7
  Dodge: Dodged            ||    44

Table legend: (Time is in decaauts)
 A = Elapsed time spent in this place.
 B = Non-inter-level travel time spent in this place.
 C = Inter-level travel time spent in this place.
 D = Time resting spent in this place.
 E = Time spent auto-exploring this place.
 F = Levels seen in this place.
 G = Mean time per level.
                   A        B        C        D        E       F      G
               +--------+--------+--------+--------+--------+-----+--------+
         Total |    123 |    123 |      0 |     20 |      2 |   1 |  123.0 |
       Dungeon |    123 |    123 |      0 |     20 |      2 |   1 |  123.0 |
               +--------+--------+--------+--------+--------+-----+--------+

Top non-repeatable levels by time:
       D: 123 daAuts
